Map: Ascension to Aiur LE

Players

Guru

  • Race: Zerg Zerg
  • League: Master
  • Spawn Location: 11:00

llllllllllll - Winner!

  • Race: Terran Terran
  • League: Master
  • Spawn Location: 5:00

VOD

Have the link to the VOD?

Description

Time

  • Played on: Nov. 20, 2017, 1:23 p.m.
  • Length: 9:57
Show
View Real Time Build Order
Export as new Build Order

Guru Zerg 

Build Orders: Hatch First 

Get SALT Encoding   

  12  0:01  Drone  
  13  0:15  Overlord  
  13  0:17  Drone  
  14  0:33  Drone x2  
  16  0:37  Drone  
  17  0:52  Hatchery  
  17  0:55  Drone  
  17  1:09  Spawning Pool  
  17  1:10  Extractor  
  15  1:13  Drone  
  15  1:17  Drone  
  17  1:20  Drone  
  18  1:31  Drone  
  19  1:42  Drone  
  20  1:57  Queen  
  20  2:00  Hatchery  
  21  2:06  Queen  
  23  2:09  Zergling x2  
  24  2:16  Overlord  
  24  2:20  Drone  
  24  2:21  Drone  
  26  2:25  Drone  
  26  2:28  Drone  
  28  2:34  Metabolic Boost  
  28  2:37  Drone  
  28  2:39  Drone  
  28  2:41  Drone  
  31  2:47  Overlord  
  31  2:54  Drone  
  31  2:57  Queen  
  34  3:06  Drone x2  
  34  3:09  Drone x3  
  34  3:10  Drone  
  40  3:13  Drone  
  40  3:14  Drone  
  40  3:18  Drone x2  
  40  3:19  Drone  
  44  3:24  Zergling x2  
  45  3:35  Roach Warren  
  45  3:38  Zergling x10  
  45  3:41  Overlord  
  49  3:44  Overlord  
  49  3:49  Overlord  
  49  3:58  Overlord  
  49  4:06  Extractor, Drone  
  49  4:08  Drone x3  
  49  4:09  Drone x4  
  57  4:10  Drone  
  57  4:11  Overlord  
  57  4:12  Overlord  
  57  4:16  Overlord  
  56  4:27  Roach x3  
  56  4:29  Lair  
  56  4:30  Roach  
  64  4:38  Roach x2  
  67  4:41  Drone  
  67  4:42  Evolution Chamber  
  67  4:46  Drone x3  
  67  4:47  Extractor, Drone x5  
  67  4:49  Drone  
  75  4:53  Drone  
  75  4:57  Drone x2  
  78  5:01  Evolution Chamber  
  68  5:16  Drone  
  68  5:17  Drone x6  
  68  5:18  Zerg Ground Armor Level 1  
  75  5:21  Drone x2  
  75  5:22  Drone x5  
  75  5:25  Drone  
  75  5:27  Zerg Melee Weapons Level 1  
  83  5:29  Spore Crawler  
  82  5:39  Baneling Nest, Hydralisk Den  
  82  5:42  Overlord  
  80  5:45  Zergling x2  
  80  5:46  Zergling x14  
  80  5:49  Zergling x2  
  90  5:50  Zergling x4  
  90  5:51  Zergling x2  
  90  5:52  Zergling x2  
  90  5:54  Zergling x4  
  95  5:59  Overlord  
  95  6:01  Zergling x2  
  96  6:09  Overseer  
  96  6:11  Muscular Augments  
  93  6:12  Extractor  
  93  6:13  Drone  
  93  6:14  Extractor, Drone x2  
  93  6:15  Drone  
  93  6:17  Extractor  
  94  6:19  Drone  
  94  6:20  Drone  
  94  6:21  Drone x2  
  94  6:22  Drone x3  
  94  6:23  Baneling  
  94  6:24  Baneling x4  
  101  6:31  Drone x2  
  91  6:55  Hydralisk  
  91  6:56  Hydralisk x8  
  91  6:57  Zergling x2  
  91  6:58  Zergling x2  
  91  7:00  Queen  
  113  7:01  Overlord  
  113  7:11  Queen  
  113  7:12  Overlord, Hatchery  
  113  7:14  Zerg Ground Armor Level 2  
  114  7:21  Overlord  
  114  7:24  Overlord  
  114  7:26  Overlord  
  106  7:34  Hydralisk x4  
  114  7:40  Overlord  
  114  7:45  Drone x3  
  114  7:49  Drone x2  
  114  7:50  Drone  
  120  7:53  Overlord  
  117  8:04  Drone x2  
  117  8:05  Drone  
  112  8:07  Overlord  
  112  8:08  Queen  
  112  8:10  Hydralisk x3  
  120  8:15  Baneling  
  120  8:16  Baneling x6  
  120  8:22  Zergling x12  
  126  8:27  Drone x3  
  126  8:30  Hydralisk  
  126  8:33  Hydralisk  
  126  8:34  Hydralisk  
  131  8:36  Hatchery  
  131  8:37  Overlord  
  131  8:40  Zergling x4  
  136  8:46  Zergling x10  
  139  8:59  Zergling x6  
  139  9:00  Zergling x4  
  139  9:02  Zergling x4  
  134  9:04  Zergling x2  
  134  9:07  Zergling x2  
  134  9:08  Zergling x2  
  119  9:11  Zergling x4  
  111  9:18  Hydralisk x3  
  111  9:24  Drone x3  
  119  9:27  Drone  
  119  9:28  Drone  
  119  9:31  Hydralisk  
  122  9:35  Baneling  
  122  9:36  Baneling x8  
  122  9:37  Hatchery  
Show
View Real Time Build Order
Export as new Build Order

llllllllllll Terran - Winner!

Build Orders: Command Center First (CC), MMM Bio 

Get SALT Encoding   

  12  0:00  SCV  
  13  0:13  SCV  
  14  0:17  Supply Depot  
  14  0:25  SCV  
  15  0:38  SCV  
  16  0:51  SCV  
  17  0:59  Command Center  
  17  1:03  SCV  
  18  1:07  Refinery  
  18  1:15  SCV  
  19  1:22  Barracks  
  19  1:27  SCV  
  20  1:39  SCV  
  21  1:51  SCV  
  22  2:09  Marine  
  22  2:10  Orbital Command  
  22  2:11  Orbital Command  
  22  2:12  Factory  
  23  2:28  Barracks Reactor  
  23  2:37  SCV x2  
  25  2:46  Command Center  
  25  2:49  SCV x2  
  27  2:57  Supply Depot  
  27  3:01  SCV x2  
  29  3:07  Hellion  
  29  3:08  Hellion  
  29  3:10  Refinery  
  33  3:13  SCV  
  33  3:14  SCV  
  33  3:15  Barracks Tech Lab  
  36  3:27  SCV x2  
  36  3:29  Hellion x2  
  36  3:33  Marine  
  36  3:34  Stimpack  
  42  3:39  SCV x2  
  44  3:45  Engineering Bay  
  44  3:47  Engineering Bay  
  44  3:51  SCV x2  
  46  3:58  Marine  
  46  4:02  Barracks  
  47  4:03  Barracks  
  47  4:05  SCV x2, Factory Reactor  
  47  4:09  Orbital Command  
  49  4:15  Terran Infantry Armor Level 1, Terran Infantry Weapons Level 1  
  49  4:17  SCV  
  49  4:18  SCV  
  49  4:20  Marine  
  52  4:29  SCV  
  52  4:30  SCV  
  54  4:31  Supply Depot  
  54  4:38  Marine  
  53  4:43  SCV x2  
  53  4:44  SCV  
  57  4:47  Refinery  
  57  4:48  Refinery  
  57  4:50  Starport  
  57  4:51  Marine x2  
  59  4:53  Factory Reactor  
  59  4:54  Supply Depot  
  59  4:56  Marine  
  61  5:00  SCV x3  
  61  5:01  Marine  
  61  5:02  Marine  
  61  5:03  Supply Depot  
  65  5:07  Orbital Command  
  63  5:15  Marine x3  
  63  5:16  SCV x2  
  63  5:19  Marine  
  63  5:24  Supply Depot  
  63  5:25  Supply Depot  
  63  5:28  SCV x2  
  63  5:34  SCV, Marine  
  63  5:35  Marine x3  
  70  5:36  Combat Shields  
  70  5:37  Medivac x2  
  70  5:38  Marine  
  70  5:40  SCV  
  70  5:41  SCV  
  77  5:43  Factory Tech Lab  
  77  5:46  Armory, SCV  
  78  5:52  SCV  
  78  5:53  SCV  
  78  5:55  Marine x2  
  78  5:56  Marine x2  
  84  5:59  SCV  
  84  6:02  Refinery x2  
  85  6:05  SCV x2, Supply Depot  
  85  6:06  Supply Depot  
  85  6:08  Medivac x2  
  91  6:11  SCV  
  91  6:14  Marine x3  
  91  6:17  SCV x2, Marine x2  
  99  6:24  SCV  
  100  6:29  SCV x2  
  100  6:32  Marine x3  
  105  6:33  Supply Depot  
  105  6:35  Supply Depot, Terran Infantry Weapons Level 2, Marine x2  
  105  6:39  Terran Infantry Armor Level 2  
  105  6:50  Marine x3  
  105  6:53  Marine x2  
  107  6:55  Terran Vehicle Weapons Level 1  
  107  6:56  Siege Tank  
  107  6:57  Barracks  
  107  6:58  Barracks  
  107  7:00  Medivac  
  112  7:02  Medivac  
  112  7:05  Supply Depot  
  112  7:08  Marine x3  
  115  7:11  Marine x2  
  119  7:16  SCV x2  
  119  7:17  SCV  
  122  7:26  Marine x3  
  122  7:28  Marine  
  122  7:29  Siege Tank  
  118  7:31  Marine  
  118  7:35  Command Center  
  119  7:38  Factory  
  119  7:39  Medivac x2  
  119  7:43  Marine  
  119  7:44  Marine x2  
  124  7:46  Marine  
  124  7:47  Barracks Reactor x2  
  124  7:49  Marine  
  127  8:01  Marine x2  
  127  8:02  Marine  
  127  8:04  Siege Tank, Marine  
  123  8:07  Marine  
  123  8:08  Supply Depot  
  123  8:09  Barracks, Medivac x2  
  123  8:10  Barracks  
  123  8:11  Barracks, Supply Depot  
  123  8:12  Supply Depot  
  128  8:13  SCV x3  
  128  8:19  Marine x3  
  133  8:22  Marine  
  133  8:25  SCV, Marine x2  
  133  8:26  Marine x3  
  141  8:27  Factory Tech Lab  
  141  8:33  SCV x2  
  143  8:37  SCV, Marine x3  
  143  8:40  Marine  
  148  8:42  Marine  
  148  8:43  Supply Depot, Marine x2  
  148  8:44  Supply Depot, Marine x2  
  148  8:45  SCV x2, Unknown  
  148  8:46  Siege Tank x2  
  148  8:47  Medivac x2  
  165  8:55  Marine x3  
  167  9:01  Marauder  
  170  9:07  Marine x2  
  170  9:08  Unknown  
  170  9:09  Barracks Tech Lab x2  
  170  9:10  Barracks Tech Lab, Marine x2  
  170  9:16  Marine x3  
  155  9:21  Siege Tank x2  
  155  9:22  Marauder  
  163  9:28  Marauder x3  
  163  9:29  Marine  
  163  9:30  Unknown  
  170  9:32  Marine x2  
  170  9:34  Marine x2  
  174  9:38  Marine  
  174  9:39  Marine  
Tags
 
Add a new tag
Caveats
  • Supply blocks, unpowered buildings, or Contaminate may cause inaccurate times.
  • Supply counts are checked every 10 seconds.